 Dungeon Crawl Stone Soup version 0.29.0-4-gdea44cf6ec (webtiles) character file.

Game seed: 17825107735080484733

138 qw the Ruffian (level 5, 0/50 HPs)
             Began as a Troll Cinder Acolyte on Sept 1, 2022.
             Was a High Priest of Ignis.
             Slain by Sigmund
             ... wielding a +0 scythe
              (8 damage)
             ... on level 2 of the Dungeon.
             The game lasted 00:00:49 (1452 turns).

qw the Ruffian (Troll Cinder Acolyte)               Turns: 1452, Time: 00:00:49

Health: 0/50       AC:  4    Str: 24    XL:     5   Next: 1%
Magic:  5/5        EV:  9    Int: 10    God:    Ignis [*****.]
Gold:   86         SH:  0    Dex:  5    Spells: 6/6 levels left

rFire   + . .      SeeInvis .     - Unarmed
rCold   . . .      Faith    .   (no shield)
rNeg    . . .      Spirit   .   a - +0 robe
rPois   .          Reflect  .   (helmet restricted)
rElec   .          Harm     .   (no cloak)
rCorr   +          Rampage  .   (gloves unavailable)
Will    .....                   (boots unavailable)
Stlth   +.........              (no amulet)
HPRegen 0.96/turn               c - ring of resist corrosion
MPRegen 0.09/turn               (no ring)

@: no status effects
A: large, unfitting armour, claws 3, regeneration 1, shaggy fur 1, tough skin 1
a: Renounce Religion, Fiery Armour, Foxfire Swarm, Rising Flame


You were on level 2 of the Dungeon.
You worshipped Ignis.
Ignis was extremely pleased with you.
You visited 1 branch of the dungeon, and saw 2 of its levels.

You collected 86 gold pieces.


Innate Abilities, Weirdness & Mutations

You are too large for most types of armour.
You have claws for hands.
Your natural rate of healing is unusually fast.
You are covered in fur. (AC +1)
You have tough skin. (AC +1)


   Skills:
 - Level 2.4 Fighting
 + Level 5.7 Unarmed Combat
 - Level 1.0 Spellcasting
 - Level 2.1 Fire Magic


You had 6 spell levels left.
You didn't know any spells.
Your spell library contained the following spells:

 Spells                   Type           Power      Damage    Failure   Level
 Scorch                   Fire           8%         2d5       22%         2

Inventory:

Missiles
 e - 6 boomerangs (quivered)
Armour
 a - a +0 robe (worn)
Jewellery
 c - a ring of resist corrosion (left claw)
Scrolls
 b - a scroll of identify
 g - a scroll of enchant weapon {unknown}
 i - a scroll of fog {unknown}
Potions
 d - 3 potions of curing {unknown}
 f - a potion of flight {unknown}
 h - a potion of attraction {unknown}
 j - a potion of berserk rage {unknown}

Dungeon Overview and Level Annotations

Branches:
Dungeon (2/15)

Altars:

Annotations:
D:2 Sigmund


Message History

Something hits you.
You swing at nothing.
You swing at nothing.
Something hits you but does no damage.
You swing at nothing.
Something hits you.
You swing at nothing.
You swing at nothing.
Something hits you.
You swing at nothing.
You swing at nothing.
You hear some strange, mumbled words.
You are confused.
You're too confused to attack without stumbling around!
There is a strange disturbance nearby!
You hear some strange, mumbled words.
A puff of flame appears from out of thin air!
The puff of flame hits you. You resist.
You're too confused to attack without stumbling around!
There is a strange disturbance nearby!
Something hits you!
You're too confused to attack without stumbling around!
There is a strange disturbance nearby!
Something hits you.
You're too confused to attack without stumbling around!
There is a strange disturbance nearby!
You're too confused to attack without stumbling around!
There is a strange disturbance nearby!
Something hits you!
You're too confused to attack without stumbling around!
There is a strange disturbance nearby!
Something hits you.
You're too confused to attack without stumbling around!
There is a strange disturbance nearby!
You feel less confused.
You swing at nothing.
Something hits you.
You swing at nothing.
Something hits you!
You die...

#.# #.# #.##........##..#
#.#####.#
#.##........##..#
#....<#.#
#.##........##..#
#######.#
#.##........##..# #.#
#.##............# #.#
#...........###.# #.#
#####.......# #.#
###.##########.###### #.#
......{.@......# #.#
......#################.#
..... ......... ....
#######.# ... #####.. .@
#....... . #.####.. #..
#..


There were no monsters in sight!

Vanquished Creatures
  Natasha (thrice) (D:2)
  Terence (D:2)
  2 dart slugs (D:2)
  2 endoplasms (D:2)
  A giant cockroach (D:2)
  3 goblins
  6 hobgoblins
  2 jackals (D:1)
  5 kobolds
  2 quokkas (D:2)
  4 ball pythons
  2 frilled lizards (D:1)
  2 rats (D:2)
35 creatures vanquished.

Notes
Turn   | Place    | Note
-------+----------+-------------------------------------------
     0 | D:1      | qw the Troll Cinder Acolyte began the quest for the Orb.
     0 | D:1      | Reached XP level 1. HP: 22/22 MP: 1/1
     0 | D:1      | 0 ||| qw: Version: 0.1-a-97-g2dd2ca4
     0 | D:1      | 0 ||| qw: Game counter: 4723
     0 | D:1      | 0 ||| qw: Always use a shield: true
     0 | D:1      | 0 ||| qw: God list: Okawaru
     0 | D:1      | 0 ||| qw: Allow faded altars: false
     0 | D:1      | 0 ||| qw: Do Orc after D:15 true
     0 | D:1      | 0 ||| qw: Do second Lair branch before Depths: true
     0 | D:1      | 0 ||| qw: Lair rune preference: random
     0 | D:1      | 0 ||| qw: Plans: Normal
     0 | D:1      | 0 ||| PLANNING D:1-11
   336 | D:1      | Reached XP level 2. HP: 29/29 MP: 2/2
   828 | D:1      | 828 ||| UPGRADING to ring of resist corrosion.
   829 | D:1      | 829 ||| READING scroll labelled IWURUPIAPEI.
   830 | D:1      | 830 ||| READING scroll labelled ACAT UNTIOVESO.
   831 | D:1      | 831 ||| READING scroll labelled YBRICE COULOGH.
   832 | D:1      | 832 ||| READING scroll labelled GUIDOE RYTWU.
   833 | D:1      | 833 ||| READING scroll labelled JABLAANKOT.
   891 | D:2      | Reached skill level 4 in Unarmed Combat
   907 | D:2      | Noticed Terence
   908 | D:2      | 908 ||| Stepping ~*~*~tactically~*~*~ (stealth).
   915 | D:2      | 915 ||| INVOKING Fiery Armour.
   916 | D:2      | Killed Terence
   917 | D:2      | Reached XP level 3. HP: 11/36 MP: 3/3
   925 | D:2      | 925 ||| Stepping ~*~*~tactically~*~*~ (stealth).
   928 | D:2      | 928 ||| Stepping ~*~*~tactically~*~*~ (stealth).
   964 | D:2      | Noticed Natasha
   966 | D:2      | 966 ||| Stepping ~*~*~tactically~*~*~ (hiding).
   975 | D:2      | Killed Natasha
   976 | D:2      | Reached skill level 5 in Unarmed Combat
   976 | D:2      | Reached XP level 4. HP: 44/44 MP: 4/4
   985 | D:2      | Noticed Natasha
   986 | D:2      | 986 ||| Stepping ~*~*~tactically~*~*~ (stealth).
  1012 | D:2      | Killed Natasha
  1019 | D:2      | Noticed Natasha
  1020 | D:2      | 1020 ||| Stepping ~*~*~tactically~*~*~ (hiding).
  1024 | D:2      | Killed Natasha
  1131 | D:2      | 1131 ||| Stepping ~*~*~tactically~*~*~ (hiding).
  1274 | D:2      | 1274 ||| Stepping ~*~*~tactically~*~*~ (stealth).
  1289 | D:2      | Reached XP level 5. HP: 50/50 MP: 5/5
  1421 | D:2      | Noticed Sigmund
  1422 | D:2      | 1422 ||| Stepping ~*~*~tactically~*~*~ (hiding).
  1425 | D:2      | 1425 ||| Stepping ~*~*~tactically~*~*~ (hiding).
  1448 | D:2      | HP: 11/50 [something (9)]
  1452 | D:2      | Slain by Sigmund

Levels and vault maps discovered:
D:1:      dpeg_arrival_stone_temple_mockup, layout_loops_corners
D:2:      layout_basic, uniq_terence, uniq_sigmund, uniq_natasha

Skill      XL: |  1  2  3 |
---------------+----------+-----
Unarmed Combat | 4 5 |  5.7
Fighting       | |  2.4
Spellcasting   | |  1.0
Fire Magic     | |  2.1

Action                   |  1- 3 |  4- 6 || total
-------------------------+-------+-------++-------
Melee: Unarmed           |    60 |    26 ||    86
       Punch             |     1 |       ||     1
Throw: Boomerang         |    17 |     6 ||    23
Invok: Fiery Armour      |     1 |       ||     1
  Use: Scroll            |     5 |       ||     5
Armor: Robe              |    15 |     6 ||    21
Dodge: Dodged            |    12 |     6 ||    18

Table legend:
 A = Non-vault XP
 B = Vault XP
 C = Vault XP percentage of total XP
 D = Non-vault monster count
 E = Vault monster count
 F = Vault count percentage of total count
                 A         B        C        D         E       F
            +---------+---------+-------+---------+---------+-------
      Total |     130 |      68 |  34.3 |      33 |       2 |   5.7
            +---------+---------+-------+---------+---------+-------
        D:1 |      25 |       0 |   0.0 |      15 |       0 |   0.0
        D:2 |     105 |      68 |  39.3 |      18 |       2 |  10.0
            +---------+---------+-------+---------+---------+-------
